 Dungeon Crawl Stone Soup version 0.25.1-2-g60ff931df9 (webtiles) character file.

Game seed: 2347365578226967402

65 H0rd4k the Insei (level 4, -1/28 HPs)
             Began as an Octopode Transmuter on Aug 25, 2020.
             Slain by an adder (4 damage)
             ... on level 2 of the Dungeon.
             The game lasted 00:01:55 (3048 turns).

H0rd4k the Insei (Octopode Transmuter)              Turns: 3048, Time: 00:01:55

Health: -1/28      AC:  1    Str: 15    XL:     4   Next: 14%
Magic:  6/7        EV: 13    Int: 16    God:
Gold:   91         SH:  0    Dex: 12    Spells: 2/8 levels left

rFire    . . .     SeeInvis .     - Unarmed
rCold    . . .     Gourm    .   (no shield)
rNeg     . . .     Faith    .   (helmet restricted)
rPois    .         Spirit   .   (no amulet)
rElec    .         Reflect  .   k - +6 ring of strength
rCorr    .         Harm     .   (no ring)
MR       .....                  (no ring)
Stlth    +++.......             (no ring)
HPRegen  0.09/turn              (no ring)
MPRegen  0.10/turn              (no ring)
                                (no ring)
                                (no ring)

@: appendage
A: almost no armour, stealthy swim, amphibious, 8 rings, constrict 8, tentacle
spike 3, camouflage 1, gelatinous body 1
a: End Transformation


You were on level 2 of the Dungeon.
You were very hungry.
One of your tentacles had a temporary spike.
You visited 1 branch of the dungeon, and saw 3 of its levels.

You collected 91 gold pieces.

Inventory:

Missiles
 a - 38 arrows
Jewellery
 k - a +6 ring of strength (left tentacle)
Scrolls
 b - 2 scrolls of identify {unknown}
 d - a scroll of magic mapping {unknown}
 g - a scroll of amnesia {unknown}
 h - 3 scrolls of teleportation {unknown}
 i - a scroll of noise {unknown}
Potions
 e - a potion of haste {unknown}
 f - a potion of heal wounds {unknown}
 j - 2 potions of invisibility {unknown}
Comestibles
 c - 4 rations


   Skills:
 + Level 1.0 Fighting
 + Level 2.2 Dodging
 + Level 1.6 Stealth
 + Level 3.6 Unarmed Combat
 * Level 2.5 Spellcasting
 * Level 2.7 Transmutations


You had 2 spell levels left.
You knew the following spells:

 Your Spells              Type           Power        Failure   Level  Hunger
a - Beastly Appendage     Tmut           ##....       6%          1    #......
b - Sticks to Snakes      Tmut           ##......     10%         2    ##.....
c - Spider Form           Tmut/Pois      #.........   34%         3    ###....

Your spell library contained the following spells:

 Spells                   Type           Power        Failure   Level  Hunger
 Ice Form                 Ice/Tmut       #.......     75%         4    #####..
 Blade Hands              Tmut           ##........   87%         5    ######.


Dungeon Overview and Level Annotations

Branches:
Dungeon (3/15)

Altars:
Trog
Yredelemnul
The Shining One


Innate Abilities, Weirdness & Mutations

You cannot wear most types of armour.
You are very stealthy in the water. (Stealth+)
You are amphibious.
You can wear up to eight rings at the same time.
You can use your tentacles to constrict eight enemies at once.
Your skin changes colour to match your surroundings (Stealth+).
Your rubbery body absorbs attacks. (AC +1, EV +1)
One of your tentacles bears a large vicious spike.


Message History

The orc hits you with a +0 falchion!
You tentacle-slap the orc. Your grab misses the orc.
You pierce the orc.
You kill the orc!
You tentacle-slap the orc. Your grab misses the orc.
You pierce the orc, but do no damage.
The orc is moderately wounded.
The adder completely misses you. The orc barely misses you.
The adder bites you. The adder closely misses you. The rat misses you.
The adder barely misses you.
There is a stone staircase leading up here.
The adder barely misses you. The rat bites you.
The orc hits you with a +0 short sword.
You climb upwards.
There is a stone staircase leading down here.
The adder bites you.
* * * LOW HITPOINT WARNING * * *
The orc hits you with a +0 short sword.
* * * LOW HITPOINT WARNING * * *
The adder bites you.
You die...

#...........#.###.#.#####
#..#.#.#.#..#.....#......
#...........#######......
#.#######................
#.# #................
#.#######...........#####
#...................#####
#######rS...........+....
#o@...........#####
#.#.....(.....'....
#.#.........#######
#.#.........# #
#...........###A###
#.#.############### #.#.#
#○.☼## #.#.# #._.## #.#.#
#§.§##


You could see an adder, an orc and a rat.

Vanquished Creatures
  An adder (D:2)
  A worm (D:2)
  3 dart slugs (D:1)
  3 leopard geckos (D:2)
  3 orcs (D:3)
  2 giant cockroaches (D:2)
  5 hobgoblins
  6 jackals (D:2)
  6 kobolds
  A quokka (D:2)
  3 bats (D:2)
  3 frilled lizards (D:2)
  4 rats
  2 bushes (D:1)
43 creatures vanquished.

Notes
Turn   | Place    | Note
-------+----------+-------------------------------------------
     0 | D:1      | H0rd4k the Octopode Transmuter began the quest for the Orb.
     0 | D:1      | Reached XP level 1. HP: 13/13 MP: 3/3
   154 | D:1      | Reached XP level 2. HP: 14/18 MP: 5/5
  1402 | D:2      | Reached XP level 3. HP: 15/23 MP: 6/6
  1418 | D:2      | Learned a level 2 spell: Sticks to Snakes
  1422 | D:2      | Learned a level 3 spell: Spider Form
  1847 | D:2      | Reached skill level 1 in Stealth
  2128 | D:2      | Found a basalt altar of Yredelemnul.
  2130 | D:2      | Noticed a profane servitor
  2135 | D:2      | Found a bloodstained altar of Trog.
  2181 | D:2      | Found a glowing golden altar of the Shining One.
  2785 | D:2      | Reached XP level 4. HP: 27/28 MP: 7/7
  3002 | D:2      | Noticed an angel
  3048 | D:2      | Slain by an adder

Illustrated notes

Levels and vault maps discovered:
D:1:      minmay_arrival_five_plusses, layout_basic, serial_forest,
          infiniplex_forest_clump_curved, infiniplex_forest_straight_1,
          infiniplex_forest_end_3, infiniplex_forest_straight_3,
          infiniplex_forest_clump_medium, infiniplex_forest_lined_2,
          infiniplex_forest_clump_tiny, infiniplex_forest_end_double,
          minmay_misc_feat_four_crosses, minmay_liquid_box
D:2:      layout_basic, grunt_temple_overflow_holy_war,
          overflow_temple_1_default, first_ration, serial_co_window_serial,
          co_window_paths_b, co_window_cross_1, co_window_paths_a,
          co_window_paths_b, co_window_paths_b, co_window_2corner,
          co_window_of_opportunity_c, co_window_cross_4, glass_columns_a,
          glass_columns_b, glass_columns_c, glass_columns_c, glass_columns_a
D:3:      layout_loops_ring, okawaru_altar_gauntlet_db

Skill      XL: |  1  2  3 |
---------------+----------+-----
Stealth        | 1 |  1.6
Fighting       | |  1.0
Dodging        | |  2.2
Unarmed Combat | |  3.6
Spellcasting   | |  2.5
Transmutations | |  2.7

Action                   |  1- 3 |  4- 6 || total
-------------------------+-------+-------++-------
Melee: Unarmed           |   422 |     9 ||   431
       Constrict         |    26 |     4 ||    30
       Tentacles         |   118 |     2 ||   120
       Punch             |    15 |       ||    15
       Kick              |       |     3 ||     3
 Cast: Beastly Appendage |       |     1 ||     1
 Stab: Sleeping          |     3 |     2 ||     5
  Eat: Chunk             |     2 |     1 ||     3
       Ration            |     1 |       ||     1
Armor: Skin              |     5 |     1 ||     6
Dodge: Dodged            |    56 |     8 ||    64
